AoeStats
← Hamza Khan

Arena

507568250Analyzed
4v4 RM · 14d ago on Sep 18, 2026· 53m 40s· 8 players
Game mode
Random Map
Map size
Large (8 player)
Population
200
Speed
Normal
Resources
Standard
Victory
Conquest
Starting age
Dark Age
Ending age
Imperial Age
RankedLock teamsTeams togetherTeam positionsShared explorationLock speedFull tech treeHidden civsTurbo modeCheats
Victory
Defeat
🇸🇪 Burgundians · Sweden
920
+12
🇨🇳 Ethiopians · China
917
+12
🇵🇱 Koreans · Poland
887
+14
🇪🇸 Goths · Spain
875
+14
🇹🇷 Spanish · Türkiye
866
-14
🇫🇷 Burgundians · France
841
-13
🇩🇪 Koreans · Germany
821
-13
🇩🇪 Armenians · Germany
812
-12
xXx IloveCoDGhost xXx
0:54 Loom
11:33 Feudal Age
12:55 Double-Bit Axe
15:07 Horse Collar
18:23 Castle Age
19:36 Wheelbarrow
19:08 Heavy Plow
19:19 Bow Saw
20:20 Caravan
24:01 Gold Mining
25:16 Town Watch
28:12 Hand Cart
28:37 Gold Shaft Mining
27:52 Stone Mining
28:40 Gold Shaft Mining
31:08 Stone Shaft Mining
36:24 Imperial Age
35:36 Ballistics
34:58 Treadmill Crane
35:29 Masonry
35:30 Fortified Wall
37:10 Coinage
36:25 Heavy Rocket Cart
37:33 Shinkichon
37:26 Siege Engineers
38:22 Chemistry
Walls vs Zombies 2009
10:22 Feudal Age
10:56 Double-Bit Axe
15:50 Castle Age
16:48 Bow Saw
18:55 Loom
19:52 Wheelbarrow
20:34 Fervor
20:45 Sanctity
20:34 Gold Mining
20:26 Horse Collar
20:58 Scale Mail Armor
22:01 Chain Mail Armor
23:30 Squires
27:08 Imperial Age
26:00 Fletching
27:20 Gold Shaft Mining
27:55 Heavy Plow
27:31 Man-at-Arms
28:55 Hand Cart
29:59 Chemistry
29:04 Bodkin Arrow
29:21 Town Watch
29:07 Long Swordsman
30:51 Masonry
31:12 Conscription
30:55 Bracer
30:56 Padded Archer Armor
33:06 Leather Archer Armor
33:52 Ballistics
33:35 Two-Handed Swordsman
34:40 Champion
36:04 Fereters
37:27 Ring Archer Armor
37:27 Plate Mail Armor
37:19 Capped Ram
39:16 Forging
39:33 Fortified Wall
40:39 Elite Composite Bowman
45:17 Pikeman
46:52 Iron Casting
46:39 Halberdier
49:43 Murder Holes
53:54 Blast Furnace
lavive3113
8:52 Double-Bit Axe
11:43 Feudal Age
10:49 Horse Collar
12:23 Heavy Plow
12:40 Bow Saw
18:59 Castle Age
17:24 Gold Mining
18:55 Gold Shaft Mining
19:46 Wheelbarrow
22:04 Hand Cart
25:14 Crop Rotation
25:07 Stone Mining
27:04 Stone Shaft Mining
27:14 Fortified Wall
29:49 Imperial Age
28:44 Two-Man Saw
27:55 Loom
27:57 Town Watch
28:18 Guard Tower
28:50 Ballistics
28:27 Murder Holes
29:25 Town Patrol
30:21 Masonry
31:40 Chemistry
30:59 Block Printing
31:07 Burgundian Vineyards
31:48 Fletching
32:40 Conscription
32:57 Hoardings
33:33 Bodkin Arrow
33:39 Padded Archer Armor
33:32 Elite Skirmisher
34:23 Bracer
12121212
0:58 Loom
12:07 Feudal Age
13:22 Double-Bit Axe
13:19 Horse Collar
18:30 Castle Age
16:39 Stone Mining
17:21 Scale Mail Armor
17:24 Padded Archer Armor
17:26 Gold Mining
18:09 Scale Barding Armor
18:27 Man-at-Arms
19:34 Bloodlines
20:58 Wheelbarrow
21:13 Husbandry
21:51 Bow Saw
22:26 Heavy Plow
23:43 Forging
24:54 Fletching
27:40 Long Swordsman
29:09 Caravan
31:06 Leather Archer Armor
30:51 Scale Mail Armor
35:20 Imperial Age
33:05 Gambesons
33:21 Squires
32:59 Pikeman
33:38 Elite Skirmisher
36:22 Two-Handed Swordsman
38:23 Champion
43:53 Town Watch
47:00 Light Cavalry
48:05 Chain Barding Armor
48:23 Iron Casting
49:24 Hand Cart
49:51 Hussar
52:58 Cavalier
海哥
10:16 Feudal Age
13:45 Castle Age
12:04 Double-Bit Axe
13:17 Horse Collar
15:19 Bow Saw
15:27 Heavy Plow
22:03 Wheelbarrow
23:45 Hand Cart
23:27 Gold Mining
26:02 Ballistics
25:52 Heavy Plow
28:34 Imperial Age
26:10 Crossbowman
26:53 Fletching
28:09 Gold Shaft Mining
27:41 Bodkin Arrow
27:46 Padded Archer Armor
28:53 Thumb Ring
28:38 Arbalester
29:24 Bracer
30:26 Chemistry
29:14 Loom
29:14 Town Watch
29:55 Guilds
29:34 Capped Ram
30:38 Leather Archer Armor
30:56 Caravan
31:22 Siege Ram
33:55 Two-Man Saw
33:30 Ring Archer Armor
34:42 Siege Engineers
34:48 Fortified Wall
38:27 Coinage
39:34 Torsion Engines
39:55 Conscription
40:25 Banking
42:34 Guard Tower
44:24 Stone Mining
45:10 Masonry
44:56 Murder Holes
45:40 Keep
46:57 Architecture
wojopl31
8:17 Loom
11:47 Feudal Age
12:14 Double-Bit Axe
18:32 Castle Age
18:13 Wheelbarrow
17:26 Horse Collar
20:24 Town Watch
21:52 Bow Saw
22:17 Fletching
24:06 Stone Mining
26:56 Ballistics
26:47 Gold Mining
33:01 Imperial Age
30:51 Scale Mail Armor
31:01 Forging
31:17 Bodkin Arrow
34:06 Conscription
36:03 Chemistry
35:06 Gambesons
35:59 Elite Skirmisher
37:20 Bracer
39:04 Elite Fire Lancer
39:59 Forging
40:49 Chain Mail Armor
41:39 Two-Man Saw
43:07 Squires
44:37 Arson
48:31 Hand Cart
48:16 Town Patrol
52:33 Siege Engineers
52:23 Murder Holes
Hamza Khan
0:30 Loom
11:12 Feudal Age
10:07 Double-Bit Axe
10:28 Horse Collar
14:18 Wheelbarrow
13:56 Bow Saw
14:12 Heavy Plow
19:00 Castle Age
18:14 Hand Cart
18:27 Stone Mining
19:05 Gold Mining
24:23 Two-Man Saw
24:21 Pikeman
25:01 Squires
28:39 Imperial Age
28:33 Stone Shaft Mining
28:36 Gold Shaft Mining
30:22 Pikeman
31:02 Squires
30:26 Elite Skirmisher
31:32 Town Watch
33:27 Stone Shaft Mining
34:36 Crop Rotation
35:42 Conscription
35:24 Husbandry
34:45 Light Cavalry
34:47 Cavalier
36:41 Scale Barding Armor
36:24 Halberdier
37:48 Forging
39:19 Arson
40:44 Paladin
43:34 Chemistry
43:37 Chain Barding Armor
45:00 Burgundian Vineyards
44:26 Light Cavalry
45:24 Scale Mail Armor
45:25 Hussar
47:13 Plate Barding Armor
49:30 Fortified Wall
49:02 Treadmill Crane
51:01 Onager
54:32 Chain Mail Armor
54:52 Iron Casting
54:08 Fletching
54:19 Padded Archer Armor
sentoginerzarra
0:47 Loom
12:08 Feudal Age
13:24 Wheelbarrow
12:38 Double-Bit Axe
12:47 Stone Mining
12:57 Gold Mining
21:09 Castle Age
19:40 Forging
19:22 Horse Collar
20:47 Scale Mail Armor
22:24 Hand Cart
24:55 Heavy Plow
28:38 Bow Saw
31:16 Squires
30:40 Pikeman
32:34 Anarchy
32:49 Fervor
34:19 Iron Casting
34:00 Chain Mail Armor
36:26 Imperial Age
35:44 Stone Shaft Mining
38:08 Blast Furnace
36:31 Elite Huskarl
37:37 Conscription
36:45 Halberdier
37:36 Perfusion
43:13 Caravan
45:45 Fletching
Connection lost

Rejoining the realm…

Still unreachable

The connection could not be restored.

Session expired

The server has moved on; the page needs a fresh start.